 Dungeon Crawl Stone Soup version 0.31-a0-931-g7b59d4eb97 (webtiles) character file.

Game seed: 13447572127946626949

1233 pokeman the Thaumaturge (level 8, -8/44 HPs)
             Began as a Deep Elf Hedge Wizard on Oct 20, 2023.
             Mangled by a yak (10 damage)
             ... on level 5 of the Dungeon.
             The game lasted 00:07:50 (4515 turns).

pokeman the Thaumaturge (Deep Elf Hedge Wizard)     Turns: 4515, Time: 00:07:50

Health: -8/44      AC:  4    Str:  7    XL:     8   Next: 24%
Magic:  16/22      EV: 13    Int: 22    God:
Gold:   74         SH:  0    Dex: 14    Spells: 16/24 levels left

rFire   . . .        v - +5 scythe (flame)
rCold   . . .        (shield currently unavailable)
rNeg    . . .        b - +0 robe
rPois   .            c - +0 hat
rElec   .            (no cloak)
rCorr   .            t - +0 pair of gloves
SInv    .            x - +0 pair of boots
Will    .....        (no amulet)
Stlth   ++           (no ring)
HPRegen 0.27/turn    (no ring)
MPRegen 0.18/turn

%: no passive effects
@: no status effects
A: no striking features
a: no special abilities


You were on level 5 of the Dungeon.
You visited 2 branches of the dungeon, and saw 6 of its levels.

You collected 171 gold pieces.
You spent 97 gold pieces at shops.

Inventory:

Hand Weapons
 v - a +5 scythe of flaming (weapon)
Missiles
 i - 2 poisoned darts
 w - a throwing net
Armour
 b - a +0 robe (worn)
 c - a +0 hat (worn)
 t - a +0 pair of gloves (worn)
 x - a +0 pair of boots (worn)
Scrolls
 f - 2 scrolls of enchant weapon {unknown}
 g - a scroll of blinking {unknown}
 j - a scroll of butterflies {unknown}
 k - a scroll of brand weapon {unknown}
 l - 2 scrolls of vulnerability {unknown}
 m - 2 scrolls of teleportation {unknown}
 o - 3 scrolls of identify {unknown}
 q - 2 scrolls of revelation
 s - 2 scrolls of amnesia {unknown}
 u - a scroll of noise {unknown}
 y - a scroll of fear {unknown}
Potions
 a - 2 potions of degeneration {unknown}
 d - a potion of magic
 e - 4 potions of brilliance {unknown}
 h - a potion of ambrosia {unknown}
 n - a potion of attraction {unknown}
 p - 3 potions of mutation {unknown}
 r - 2 potions of curing {unknown}


   Skills:
 - Level 2.0 Fighting
 + Level 2.0 Armour
 - Level 3.0 Dodging
 - Level 3.0 Stealth
 * Level 8.7 Spellcasting
 + Level 6.2 Conjurations
 - Level 1.1 Summonings
 - Level 1.1 Translocations
 + Level 3.1 Air Magic
 - Level 1.0 Poison Magic


You had 16 spell levels left.
You knew the following spells:

 Your Spells              Type           Power      Damage    Failure   Level
a - Magic Dart            Conj           100%       1d8       1%          1
b - Mephitic Cloud        Conj/Pois/Air  24%        N/A       4%          3
c - Call Imp              Summ           28%        N/A       7%          2
d - Blink                 Tloc           28%        N/A       7%          2

Your spell library contained the following spells:

 Spells                   Type           Power      Damage    Failure   Level
 Static Discharge         Conj/Air       60%        2-5/arc   1%          2
 Momentum Strike          Conj/Tloc      50%        3d9       2%          2
 Apportation              Tloc           28%        N/A       4%          1
 Summon Small Mammal      Summ           56%        N/A       4%          1
 Cigotuvi's Dreadful Rot  Necr/Pois/Air  30%        N/A       6%          2
 Necrotise                Necr           36%        1d5       7%          1
 Slow                     Hex            36%        N/A       7%          1
 Lesser Beckoning         Tloc           28%        N/A       7%          2
 Summon Guardian Golem    Hex/Summ       12%        N/A       17%         3
 Airstrike                Air            11%        2d(2-18)  19%         4
 Inner Flame              Hex/Fire       9%         N/A       21%         3
 Summon Lightning Spire   Summ/Air       18%        N/A       28%         4
 Yara's Violent Unravell  Hex/Tmut       4%         3d4       88%         5
 Orb of Destruction       Conj           18%        9d8       99%         7
 Enfeeble                 Hex            4%         N/A       100%        7
 Spellforged Servitor     Conj/Summ      12%        N/A       100%        7


Dungeon Overview and Level Annotations

Branches:
Dungeon (5/15)             Temple (1/1) D:4

Altars:
Ashenzari
Dithmenos
Kikubaaqudgha
Makhleb
Nemelex Xobeh
Trog
Wu Jian
Xom
Yredelemnul
Zin

Shops:
D:1 *   D:4 ??[??

Annotations:
D:1 exclusion: gnoll
D:3 2 transporters, Pokonic1's ghost, amateur DsIE


Message History

You strike the helpless troll from behind!
You hit the troll. You burn the troll.
The troll is moderately wounded.
The troll closely misses you. x2; The troll claws you.
Reach: v) +5 scythe (flame)
Press: ? - help, Dir - move target, f/p - troll
Aim: a troll (lightly wounded, confused, about 22% to evade your +5 scythe of flaming)
You catch the helpless troll completely off-guard!
You puncture the troll! You burn the troll.
The troll is heavily wounded.
The troll seems less confused.
The troll bites you. The troll claws you. The troll claws you!
Casting: Mephitic Cloud (dangerous; 6% risk of failure)
Confirm with . or Enter, or press ? or * to list all spells.
Aiming: Mephitic Cloud (dangerous; 6% risk of failure)
Press: ? - help, Shift-Dir - straight line, f/p - troll
Aim: a troll (heavily wounded, chance to affect: 67%)
The ball explodes into a vile cloud!
The stinking cloud engulfs the troll but does no damage.
The troll is heavily wounded.
The stinking cloud engulfs the yak but does no damage.
The stinking cloud engulfs you but does no damage.
You are engulfed in noxious fumes.
You choke on the stench!
You are confused.
You hear a bark!
The troll is engulfed in noxious fumes.
The troll appears confused.
The troll misses you. The troll claws you!
* * * LOW HITPOINT WARNING * * *
The troll claws you!
* * * LOW HITPOINT WARNING * * *
The troll bites itself!
The troll claws itself!
The troll is killed!
The troll leather armour is intact enough to wear.
Your Armour skill increases to level 2!
Your Conjurations skill increases to level 6!
Your Air Magic skill increases to level 3!
You bump into the rock wall.
You are engulfed in noxious fumes.
You feel less confused.
The yak is engulfed in noxious fumes.
The yak gores you!
You die...

####.......##
..........##
....#..#.#
##.....#.###
#..#..<....#####..
#.###...##........ #
###.##....#######..#
#.###...##.#..# .#
#.....#.Y@.#..#
....###T.#.####..#
#.....#..# #..#
...#..#.#.## #.##
##.).†.# ###
#T#.....# #c ##..#.#
#. .#.#.# #o ..#.#..


You could see a yak.

Vanquished Creatures
  A troll (D:5)
  Sigmund (D:3)
  A yak (D:5)
  2 black bears
  2 centaurs (D:5)
  A phantom (D:5)
  A scorpion (D:5)
  A hound (D:4)
  3 adders (D:2)
  11 gnolls (D:4)
  2 worms (D:2)
  4 dart slugs
  6 orcs
  6 ball pythons
  3 bats
  6 endoplasms
  3 giant cockroaches
  8 goblins
  4 hobgoblins
  6 jackals
  3 quokkas
  A frilled lizard (D:1)
  5 kobolds
  3 rats
84 creatures vanquished.

Notes
Turn   | Place    | Note
-------+----------+-------------------------------------------
     0 | D:1      | pokeman the Deep Elf Hedge Wizard began the quest for the
                  | Orb.
     0 | D:1      | Reached XP level 1. HP: 10/10 MP: 7/7
   225 | D:1      | Reached XP level 2. HP: 15/15 MP: 5/9
   746 | D:1      | Found Esuerat's Assorted Antiques.
   865 | D:1      | Reached skill level 5 in Spellcasting
  1210 | D:2      | Reached XP level 3. HP: 20/20 MP: 8/11
  1214 | D:2      | Learned a level 3 spell: Mephitic Cloud
  1217 | D:2      | Learned a level 2 spell: Call Imp
  1220 | D:2      | Learned a level 2 spell: Blink
  1553 | D:2      | Reached skill level 1 in Fighting
  1553 | D:2      | Reached skill level 1 in Armour
  1896 | D:2      | Reached XP level 4. HP: 13/25 MP: 6/13
  2502 | D:3      | Found a basalt altar of Yredelemnul.
  2556 | D:3      | Found a transporter.
  2568 | D:3      | Found a transporter.
  2592 | D:3      | Noticed Pokonic1's ghost (amateur DsIE)
  2750 | D:3      | Noticed Sigmund
  2762 | D:3      | Killed Sigmund
  2763 | D:3      | Reached XP level 5. HP: 27/29 MP: 4/15
  3368 | D:4      | Reached XP level 6. HP: 25/34 MP: 7/16
  3523 | D:4      | Found a staircase to the Ecumenical Temple.
  3529 | D:4      | Reached skill level 6 in Spellcasting
  3531 | D:4      | Reached skill level 5 in Conjurations
  3549 | Temple   | Entered the Ecumenical Temple
  3636 | D:4      | Found Pudumn's Magic Scroll Shop.
  3674 | D:4      | Found Xurol's Antique Armour Shop.
  3712 | D:4      | Found Kotaw's Magic Scroll Boutique.
  3721 | D:4      | Bought a scroll of revelation for 97 gold pieces
  3809 | D:4      | Found Gur Taxt's Magic Scroll Emporium.
  3883 | D:4      | Reached skill level 1 in Poison Magic
  4180 | D:4      | Found Zuseqomich's Magic Scroll Shoppe.
  4256 | D:4      | Reached skill level 1 in Air Magic
  4305 | D:5      | Entered Level 5 of the Dungeon
  4314 | D:5      | Reached skill level 7 in Spellcasting
  4314 | D:5      | Reached XP level 7. HP: 38/38 MP: 10/19
  4490 | D:5      | Noticed a yak
  4491 | D:5      | Noticed a troll
  4492 | D:5      | Noticed a yak
  4497 | D:5      | Killed a yak
  4498 | D:5      | Reached skill level 8 in Spellcasting
  4498 | D:5      | Reached XP level 8. HP: 39/44 MP: 18/22
  4514 | D:5      | HP: 2/44 [troll (11)]
  4514 | D:5      | Killed a troll
  4515 | D:5      | Mangled by a yak

Illustrated notes

Levels and vault maps discovered:
D:1:      kennysheep_arrival_forest, layout_basic, serial_shops, shop
D:2:      layout_loops_ring
D:3:      layout_basic, old_standard_altar, gammafunk_ghost_stat_death,
          uniq_sigmund
D:4:      layout_basic, minmay_temple_entry_mist, serial_shops,
          nicolae_diamond_shop, nicolae_shop_stone, nicolae_shop_rolled_up,
          shop, shop, roderic_roman_lattice
D:5:      layout_rooms, mainiacjoe_overflow_small_starburst,
          mainiacjoe_overflow_brackets, minmay_manual_mail
Temple:   chequers_temple_sunken

Skill      XL: |  1  2  3  4  5  6  7  8 |
---------------+-------------------------+-----
Spellcasting   | 5 7 8 |  8.7
Fighting       | 1 2 |  2.0
Armour         | 1 2 |  2.0
Conjurations   | 2 4 5 6 |  6.2
Stealth        | 3 |  3.0
Dodging        | 3 |  3.0
Poison Magic   | 1 |  1.0
Air Magic      | 1 2 3 |  3.1
Summonings     | |  1.1
Translocations | |  1.1

Action                     |  1- 3 |  4- 6 |  7- 9 || total
---------------------------+-------+-------+-------++-------
  Melee: Dagger            |     8 |    21 |       ||    29
         Halberd           |       |    24 |    14 ||    38
   Cast: Magic Dart        |    97 |   105 |     8 ||   210
         Mephitic Cloud    |       |     8 |     4 ||    12
   Stab: Confused          |       |     3 |     2 ||     5
 Armour: Robe              |    18 |    31 |    14 ||    63
  Dodge: Dodged            |    18 |    35 |    19 ||    72

Table legend: (Time is in decaauts)
 A = Elapsed time spent in this place.
 B = Non-inter-level travel time spent in this place.
 C = Inter-level travel time spent in this place.
 D = Time resting spent in this place.
 E = Time spent auto-exploring this place.
 F = Levels seen in this place.
 G = Mean time per level.
                   A        B        C        D        E       F      G
               +--------+--------+--------+--------+--------+-----+--------+
         Total |   4540 |   4389 |    151 |     13 |   3800 |   6 |  756.7 |
       Dungeon |   4538 |   4387 |    151 |     13 |   3800 |   5 |  907.6 |
        Temple |      1 |      1 |      0 |      0 |      0 |   1 |    1.0 |
               +--------+--------+--------+--------+--------+-----+--------+

Top non-repeatable levels by time:
     D:2: 1178 daAuts
     D:1: 1174 daAuts
     D:4: 997 daAuts
     D:3: 971 daAuts
     D:5: 217 daAuts
  Temple: 1 daAuts
